 Dungeon Crawl Stone Soup version 0.29-a0-757-g358383bc75 (console) character file.

Game seed: 16425255921307698463

3196 jejorda2 the Spear-Bearer (level 9, -4/76 (103) HPs)
             Began as a Merfolk Berserker on June 30, 2022.
             Was a Priest of Trog.
             Slain by Joseph
             ... wielding a +2 quarterstaff of draining
              (11 damage)
             ... on level 7 of the Dungeon.
             The game lasted 00:15:46 (7375 turns).

jejorda2 the Spear-Bearer (Merfolk Berserker)       Turns: 7375, Time: 00:15:47

HP:   -4/76 (103)   AC: 19    Str: 27    XL:     9   Next: 96%
MP:   9/9           EV:  8    Int:  7    God:    Trog [***...]
Gold: 315           SH:  0    Dex: 13    Spells: 8/8 levels left

rFire   + . .      SeeInvis .   a - +0 trident
rCold   . . .      Faith    .   (no shield)
rNeg    . . .      Spirit   .   y - +0 plate armour
rPois   .          Reflect  .   w - +1 hat
rElec   .          Harm     .   m - +2 cloak
rCorr   .          Rampage  .   t - +1 Delatra's gloves {ID++}
Will    .....                   (no boots)
Stlth   ..........              (no amulet)
HPRegen 0.22/turn               p - ring of protection from fire
MPRegen 0.11/turn               x - +6 ring of strength

@: berserking, very heavily drained, very quick
A: (nimble swimmer 2), mertail
a: Renounce Religion, Berserk, Trog's Hand


You were on level 7 of the Dungeon.
You worshipped Trog.
Trog was most pleased with you.
You visited 1 branch of the dungeon, and saw 7 of its levels.

You collected 315 gold pieces.

Inventory:

Hand Weapons
 a - a +0 trident (weapon)
 b - the +12 hand axe "Xugycotz" {vorpal, *Slow rElec rC+ SInv}
   (You found it on level 5 of the Dungeon)

   It inflicts extra damage upon your enemies.
   rC:        It protects you from cold.
   rElec:     It insulates you from electricity.
   SInv:      It lets you see invisible.
   *Slow:     It may slow you when you take damage.
Missiles
 c - 5 datura-tipped darts
 i - 4 curare-tipped darts
 k - 25 stones (quivered)
 r - 5 boomerangs
Armour
 m - a +2 cloak (worn)
 t - the +1 Delatra's gloves (worn) {ID++}
   (You found it on level 3 of the Dungeon)

   It heals its wearer when they drink unknown potions.
   It restores its wearer's MP when they read unknown scrolls.
 w - a +1 hat (worn)
 y - a +0 plate armour (worn)
Jewellery
 p - a ring of protection from fire (left hand)
 x - a +6 ring of strength (right hand)
Wands
 g - a wand of charming (11)
 q - a wand of light (11)
Scrolls
 e - a scroll of blinking
 f - a scroll of fear
 h - 3 scrolls of fog
 j - a scroll of magic mapping
 u - 3 scrolls of teleportation
 v - 3 scrolls of summoning
Potions
 d - 3 potions of lignification
 l - a potion of berserk rage {unknown}
 n - 2 potions of might {unknown}
 o - 2 potions of heal wounds
 s - 2 potions of curing
 z - a potion of attraction


   Skills:
 - Level 6.0 Fighting
 + Level 11.5 Polearms
 - Level 6.0 Throwing
 - Level 6.0 Armour
 - Level 2.6 Dodging


You had 8 spell levels left.
You didn't know any spells.
Your spell library was empty.

Dungeon Overview and Level Annotations

Branches:
Dungeon (7/15)             Temple (0/1) D:6

Altars:
Fedhas
Nemelex Xobeh

Annotations:
D:7 Joseph


Innate Abilities, Weirdness & Mutations

((You are very nimble when in or above water. (Stealth+, EV+, Speed+++)))
Your lower body shifts to a powerful aquatic tail in water.


Message History

Joseph hits you but does no damage.
You feel drained.
You puncture Joseph!
Joseph is heavily wounded.
Joseph hits you with a +2 quarterstaff of draining.
You feel drained.
You hit Joseph.
Joseph is heavily wounded.
You hit Joseph.
Joseph is heavily wounded.
Joseph hits you with a +2 quarterstaff of draining!
You feel drained.
You barely miss Joseph.
Joseph is heavily wounded.
Joseph hits you with a +2 quarterstaff of draining!
You feel drained.
You closely miss Joseph. Your punch misses Joseph.
Joseph is heavily wounded.
Joseph closely misses you.
You hit Joseph.
Joseph is severely wounded.
You barely miss Joseph.
Joseph is severely wounded.
Joseph hits you with a +2 quarterstaff of draining!
* * * LOW HITPOINT WARNING * * *
You feel drained.
You completely miss Joseph.
Joseph is severely wounded.
Joseph completely misses you.
A red film seems to cover your vision as you go berserk!
You feel yourself moving faster!
You feel mighty!
Joseph hits you with a +2 quarterstaff of draining!
* * * LOW HITPOINT WARNING * * *
You feel drained.
* * * LOW HITPOINT WARNING * * *
You closely miss Joseph.
Joseph is severely wounded.
You impale Joseph!!
Joseph is almost dead.
Joseph hits you with a +2 quarterstaff of draining!
You die...

##'## ##. #)# #.
#)# #. ######)####
. ..#.......#
#.#.......#######.
#.#...............
#@#..#..#.#.######
#.#@#..##.#.#.#
#...........#.#
###.##.######?#
...##........#
###############


You could see Joseph.

Vanquished Creatures
  5 yaks
  A steam dragon (D:7)
  Menkaure (D:7)
  Duvessa (D:5)
  A water moccasin (D:7)
  A sky beast (D:6)
  A black bear (D:4)
  2 ice beasts (D:5)
  2 ogres
  A phantom (D:6)
  A bullfrog (D:7)
  2 necrophages
  A scorpion (D:6)
  5 wights (D:7)
  2 jellies
  Dowan (D:5)
  4 hounds
  4 orc priests
  Crazy Yiuf (D:7)
  An iguana (D:6)
  7 orc wizards
  Natasha (D:4)
  7 gnolls (D:5)
  11 adders
  An ufetubus (D:7)
  2 worms
  2 dart slugs
  20 orcs
  9 ball pythons
  2 bats
  7 endoplasms
  4 giant cockroaches
  4 goblins
  8 hobgoblins
  7 jackals
  2 quokkas (D:5)
  4 frilled lizards
  6 kobolds
  5 rats
147 creatures vanquished.

Notes
Turn   | Place    | Note
-------+----------+-------------------------------------------
     0 | D:1      | jejorda2 the Merfolk Berserker began the quest for the Orb.
     0 | D:1      | Reached XP level 1. HP: 18/18 MP: 1/1
   261 | D:1      | Reached XP level 2. HP: 24/24 MP: 2/2
   627 | D:1      | Found a faded altar of an unknown god.
  1171 | D:2      | Reached XP level 3. HP: 30/30 MP: 3/3
  1265 | D:2      | Reached ** piety under Trog
  1266 | D:2      | Reached skill level 5 in Polearms
  1486 | D:2      | Reached skill level 1 in Throwing
  1494 | D:2      | Reached XP level 4. HP: 37/37 MP: 4/4
  2543 | D:3      | Found the +1 Delatra's gloves {ID++}
  2559 | D:3      | Reached XP level 5. HP: 40/42 MP: 5/5
  3317 | D:4      | Noticed a black bear
  3323 | D:4      | Noticed Natasha
  3328 | D:4      | Killed a black bear
  3329 | D:4      | Reached XP level 6. HP: 49/49 MP: 6/6
  3330 | D:4      | Killed Natasha
  3422 | D:4      | Identified the +7 dagger of Prudence {drain, rElec rC-
                  | SInv}
  3695 | D:4      | You fall into a shaft and drop 1 floor!
  3695 | D:5      | Entered Level 5 of the Dungeon
  3744 | D:5      | Identified the +12 hand axe "Xugycotz" {vorpal, *Slow rElec
                  | rC+ SInv}
  3845 | D:5      | Reached skill level 6 in Polearms
  4060 | D:5      | Noticed an ice beast
  4089 | D:5      | Killed an ice beast
  4090 | D:5      | Reached skill level 5 in Fighting
  4090 | D:5      | Reached XP level 7. HP: 56/56 MP: 7/7
  4347 | D:5      | Reached *** piety under Trog
  4584 | D:5      | Reached skill level 7 in Polearms
  4666 | D:5      | Found a sparkling altar of Nemelex Xobeh.
  4818 | D:5      | Noticed Duvessa
  4818 | D:5      | Noticed Dowan
  4831 | D:5      | Killed Duvessa
  4832 | D:5      | Reached XP level 8. HP: 64/64 MP: 8/8
  4843 | D:5      | Killed Dowan
  5060 | D:6      | Noticed a yak
  5060 | D:6      | Noticed a yak
  5060 | D:6      | Noticed a yak
  5070 | D:6      | Killed a yak
  5071 | D:6      | Noticed a yak
  5077 | D:6      | Killed a yak
  5078 | D:6      | Reached skill level 8 in Polearms
  5080 | D:6      | Noticed a yak
  5084 | D:6      | Killed a yak
  5085 | D:6      | Reached skill level 5 in Throwing
  5097 | D:5      | Killed a yak
  5423 | D:6      | Killed a yak
  5424 | D:6      | Reached skill level 9 in Polearms
  5424 | D:6      | Reached XP level 9. HP: 69/69 MP: 9/9
  5522 | D:6      | Found a blossoming altar of Fedhas.
  5922 | D:6      | Reached skill level 5 in Armour
  6052 | D:6      | Found a staircase to the Ecumenical Temple.
  6266 | D:6      | Reached skill level 10 in Polearms
  6578 | D:7      | Noticed Menkaure
  6597 | D:7      | Killed Menkaure
  7104 | D:7      | Found a runed translucent door.
  7105 | D:7      | Noticed Crazy Yiuf
  7115 | D:7      | Killed Crazy Yiuf
  7281 | D:7      | Reached skill level 11 in Polearms
  7356 | D:7      | Noticed Joseph
  7375 | D:7      | Slain by Joseph

Illustrated notes

Levels and vault maps discovered:
D:1:      onia_arrival_mini_maze, layout_loops_ring,
          chequers_ecumenical_altar_simple, minmay_misc_feat_secret_circle,
          serial_park_tiny_1
D:2:      layout_basic
D:3:      kennysheep_big_flooded_room, layout_rooms, minmay_fountain_box,
          st_stairs_14, serial_park_tiny_1, minmay_misc_feat_rugged,
          hangedman_decor_points, kennysheep_generic_room_11
D:4:      layout_basic, uniq_grinder, uniq_natasha
D:5:      layout_basic, lemuel_tele_altar, minmay_misc_feat_tiny,
          grunt_decor_mini_mirrors, uniq_duvessa
D:6:      layout_loops_corners, fedhas_altar_2,
          minmay_temple_entry_statues_pillars
D:7:      layout_loops_corners, uniq_joseph, uniq_menkaure,
          uniq_crazy_yiuf_cottage

Skill      XL: |  1  2  3  4  5  6  7  8  9 |
---------------+----------------------------+-----
Polearms       | 5 6 7 9 11 | 11.5
Throwing       | 1 2 3 4 5 6 |  6.0
Armour         | 2 3 4 6 |  6.0
Fighting       | 4 5 6 |  6.0
Dodging        | |  2.6

Action                   |  1- 3 |  4- 6 |  7- 9 || total
-------------------------+-------+-------+-------++-------
Melee: Spear             |    92 |   227 |   132 ||   451
       Punch             |     2 |     2 |     3 ||     7
       Hand axe          |       |     3 |     6 ||     9
       Trident           |       |       |   242 ||   242
Throw: Stone             |       |     1 |     7 ||     8
       Dart              |       |       |     1 ||     1
Invok: Berserk           |     1 |     4 |     9 ||    14
       Trog's Hand       |       |       |     3 ||     3
  Use: Scroll            |       |    14 |     5 ||    19
       Potion            |       |       |     1 ||     1
 Stab: Sleeping          |     1 |       |       ||     1
Armor: Animal skin       |     1 |       |       ||     1
       Chain mail        |    30 |    69 |   117 ||   216
       Plate armour      |       |       |    44 ||    44
Dodge: Dodged            |    26 |    52 |    98 ||   176

Table legend: (Time is in decaauts)
 A = Elapsed time spent in this place.
 B = Non-inter-level travel time spent in this place.
 C = Inter-level travel time spent in this place.
 D = Time resting spent in this place.
 E = Time spent auto-exploring this place.
 F = Levels seen in this place.
 G = Mean time per level.
                   A        B        C        D        E       F      G
               +--------+--------+--------+--------+--------+-----+--------+
         Total |   7355 |   6996 |    359 |    738 |   5042 |   7 | 1050.7 |
       Dungeon |   7355 |   6996 |    359 |    738 |   5042 |   7 | 1050.7 |
               +--------+--------+--------+--------+--------+-----+--------+

Top non-repeatable levels by time:
     D:5: 1534 daAuts
     D:6: 1439 daAuts
     D:2: 1130 daAuts
     D:3: 1096 daAuts
     D:1: 1027 daAuts
     D:7: 702 daAuts
     D:4: 424 daAuts
